 Dungeon Crawl Stone Soup version 0.18.1-48-g4cf74bf (webtiles) character file.

2513 Joat the Cudgeler (level 9, -8/46 HPs)
             Began as a Vine Stalker Gladiator on Aug 17, 2016.
             Was an Initiate of Makhleb.
             Mangled by Pikel
             ... wielding a +2 whip of electrocution
              (16 damage)
             ... on level 7 of the Dungeon.
             The game lasted 00:28:43 (4697 turns).

Joat the Cudgeler (Vine Stalker Gladiator)          Turns: 4697, Time: 00:28:57

Health: -8/46      AC: 17    Str: 18    XL:     9   Next: 53%
Magic:  0/16       EV:  9    Int:  8    God:    Makhleb [......]
Gold:   482        SH:  5    Dex: 18    Spells: 0 memorised, 16 levels left

rFire  + . .     SeeInvis .     p - +0 morningstar (protect)
rCold  . . .     Gourm    .     A - +1 chain mail {rF+}
rNeg   . . .     Faith    .     v - +0 buckler
rPois  +         Spirit   +     x - +1 helmet "Deafigg" {*Confuse rPois Regen+ rCorr}
rElec  .         Dismiss  .     (no cloak)
rCorr  +         Reflect  .     (no gloves)
SustAt +         Harm     .     (no boots)
MR     ++...                    (no amulet)
Stlth  ..........               y - ring of sustain attributes
                                q - ring of protection from magic

@: hasted, very quick, very resistant to hostile enchantments, extremely
unstealthy
A: fangs 3, regeneration 2, magic shield, antimagic bite, no device heal 3, rot
immunity
a: Renounce Religion


You were on level 7 of the Dungeon.
You worshipped Makhleb.
Makhleb was noncommittal.
You were not hungry.

You visited 2 branches of the dungeon, and saw 8 of its levels.
You also visited: Sewer.

You collected 542 gold pieces.
You spent 60 gold pieces at shops.

Inventory:

Hand Weapons
 a - a +1 flail
 p - a +0 morningstar of protection (weapon)
Missiles
 d - 3 throwing nets
 z - 5 curare-tipped needles
 I - 4 javelins (quivered)
Armour
 c - a +0 helmet
 v - a +0 buckler (worn)
 x - the +1 helmet "Deafigg" (worn) {*Confuse rPois Regen+ rCorr}
   (You found it on level 4 of the Dungeon)

   It protects you from poison.
   It increases your rate of regeneration.
   It protects you from acid and corrosion.
   It may confuse you when you take damage.
 A - a +1 chain mail of fire resistance (worn)
 F - a +0 shield
Jewellery
 q - a ring of protection from magic (left hand)
 y - a ring of sustain attributes (right hand)
 C - an uncursed ring of positive energy
 J - an uncursed ring of resist corrosion
Wands
 b - a wand of flame (13/48)
 s - a wand of paralysis (1/24)
Scrolls
 e - 2 scrolls of recharging
 m - a scroll of immolation
 n - a scroll of remove curse
 t - 2 scrolls of fog
 u - 3 scrolls of teleportation
 G - a scroll of brand weapon {unknown}
 H - 3 scrolls of identify
Potions
 g - 4 potions of invisibility
 i - a potion of cure mutation {unknown}
 k - a potion of ambrosia {unknown}
 o - 4 potions of might {unknown}
 r - 6 potions of curing
 D - 2 potions of flight {unknown}
 E - a potion of beneficial mutation {unknown}
Comestibles
 f - 4 bread rations
 h - 4 meat rations
 l - a beef jerky
 w - 2 chunks of flesh


   Skills:
 + Level 4.8 Fighting
 * Level 7.4 Maces & Flails
 - Level 1.7 Throwing
 + Level 3.9 Armour
 + Level 3.7 Dodging
 + Level 3.8 Shields
 - Level 4.0 Spellcasting
 + Level 1.4 Invocations


You had 16 spell levels left.
You didn't know any spells.

Dungeon Overview and Level Annotations

Branches:
Dungeon (7/15)             Temple (1/1) D:6

Altars:
Cheibriados
Elyvilon
Makhleb
Pakellas
Ru
Trog
Yredelemnul

Shops:
D:5 !   D:6 (

Annotations:
D:7 Pikel


Innate Abilities, Weirdness & Mutations

You have razor-sharp teeth.
You heal very quickly.
When hurt, damage is shared between your health and your magic reserves.
Your bite disrupts and absorbs the magic of your enemies.
Potions and wands cannot restore your health.
You are immune to rotting.


Message History

The orc shouts!
Pikel hits you but does no damage.
An orc and 2 slaves come into view.
You barely miss Pikel.
The orc shouts!
You bite Pikel. You drain his power.
You feel invigorated.
Pikel is moderately wounded.
The orc moves out of view.
Pikel hits you with a whip of electrocution.
You are electrocuted!
* * * LOW HITPOINT WARNING * * *
A slave comes into view.
Drink which item? (? for menu, Esc to quit)
You feel yourself speed up.
The slave shouts!
Pikel cracks his whip.
Pikel hits you with a whip of electrocution.
* * * LOW HITPOINT WARNING * * *
You are electrocuted!
You die...

#.........#...#
##........#####
#...###...##
#... ##...##
#... ##...## #.
##...## ###..##
##..# ##@# #K.#
....# .......
p........
..o...#..#..
o.p....#..# #
....p(.###..


You could see Pikel, 3 slaves and 2 orcs.

Vanquished Creatures
  A deep elf mage (D:7)
  Sigmund (D:6)
  Edmund (D:6)
  Purgy (Sewer)
  Duvessa (D:4)
  2 sky beasts
  An orc warrior (D:5)
  A giant frog (D:6)
  A gnoll sergeant (D:6)
  Dowan (D:4)
  3 scorpions
  A howler monkey (D:6)
  A crimson imp (D:6)
  A giant frog zombie (D:6)
  7 orc priests
  4 hounds
  2 jellies
  A quasit (D:6)
  4 orc wizards (D:6)
  2 centaur skeletons
  2 iguanas
  Terence (D:3)
  A howler monkey zombie (D:6)
  8 gnolls
  6 adders
  A shadow imp (D:7)
  2 oozes
  2 worms (D:4)
  The ghost of Ladykiller69 the Shield-Bearer, a weakling FoFi (D:3)
  4 dart slugs
  2 giant geckos
  19 orcs
  3 ball pythons (Sewer)
  5 giant cockroaches
  7 hobgoblins
  9 kobolds
  3 quokkas
  4 bats
  A giant gecko zombie (D:5)
  10 giant newts
  6 goblins
  7 rats
141 creatures vanquished.

Notes
Turn   | Place    | Note
--------------------------------------------------------------
     0 | D:1      | Joat the Vine Stalker Gladiator began the quest for the Orb.
     0 | D:1      | Reached XP level 1. HP: 11/11 MP: 2/2
   119 | D:1      | Reached skill level 1 in Spellcasting
   121 | D:1      | Reached XP level 2. HP: 15/15 MP: 2/4
   161 | D:1      | Reached skill level 3 in Maces & Flails
   415 | D:1      | Reached XP level 3. HP: 18/18 MP: 6/6
  1044 | D:2      | Found a snail-covered altar of Cheibriados.
  1234 | D:3      | Noticed Terence
  1242 | D:3      | Killed Terence
  1242 | D:3      | Reached XP level 4. HP: 17/23 MP: 8/8
  1344 | D:3      | Noticed Ladykiller69's ghost (weakling FoFi)
  1351 | D:3      | Killed Ladykiller69's ghost
  2044 | D:4      | Reached XP level 5. HP: 23/26 MP: 7/9
  2085 | D:4      | Reached skill level 4 in Maces & Flails
  2085 | D:4      | Reached skill level 1 in Armour
  2085 | D:4      | Reached skill level 1 in Shields
  2218 | D:4      | Gained mutation: You heal very quickly. [Vine Stalker growth]
  2218 | D:4      | Reached XP level 6. HP: 32/32 MP: 11/11
  2306 | D:4      | Paralysed by an orc for 6 turns
  2332 | D:4      | Found a glowing drain.
  2336 | Sewer    | Entered a sewer
  2428 | Sewer    | Noticed Purgy
  2457 | Sewer    | Killed Purgy
  2581 | D:4      | Got a heavily runed helmet
  2592 | D:4      | Identified the +1 helmet "Deafigg" {*Confuse rPois Regen+ rCorr} (You found it on level 4 of the Dungeon)
  2889 | D:4      | Noticed Dowan
  2890 | D:4      | Noticed Duvessa
  2901 | D:4      | Killed Duvessa
  2901 | D:4      | Reached XP level 7. HP: 36/36 MP: 12/12
  2912 | D:4      | Killed Dowan
  2912 | D:4      | Reached skill level 5 in Maces & Flails
  3108 | D:5      | Entered Level 5 of the Dungeon
  3197 | D:5      | Found Guros's Distillery.
  3205 | D:5      | Bought a potion of berserk rage for 60 gold pieces
  3371 | D:5      | Gained mutation: You have razor-sharp teeth. [Vine Stalker growth]
  3371 | D:5      | Reached XP level 8. HP: 34/42 MP: 14/14
  3509 | D:5      | Found a sacrificial altar of Ru.
  3748 | D:6      | Reached skill level 6 in Maces & Flails
  3916 | D:6      | Found Pynwot's Weapon Shop.
  3960 | D:6      | Reached XP level 9. HP: 28/45 MP: 10/16
  4092 | D:6      | Noticed Sigmund
  4099 | D:6      | Killed Sigmund
  4099 | D:6      | Reached skill level 7 in Maces & Flails
  4107 | D:6      | Found a staircase to the Ecumenical Temple.
  4130 | Temple   | Entered the Ecumenical Temple
  4135 | Temple   | Became a worshipper of Makhleb the Destroyer
  4176 | D:6      | Found a bloodstained altar of Trog.
  4519 | D:6      | Noticed Edmund
  4529 | D:6      | Killed Edmund
  4625 | D:7      | Found a basalt altar of Yredelemnul.
  4625 | D:7      | Noticed a deep elf mage
  4638 | D:7      | Killed a deep elf mage
  4638 | D:7      | Reached skill level 1 in Invocations
  4679 | D:7      | Noticed Pikel
  4697 | D:7      | Mangled by Pikel

Skill      XL: |  1  2  3  4  5  6  7  8  9 |
---------------+----------------------------+-----
Spellcasting   | 1 2 3 4 |  4.0
Maces & Flails | 3 4 5 6 7 |  7.4
Fighting       | 2 3 4 |  4.8
Armour         | 1 2 3 |  3.9
Shields        | 1 2 3 |  3.8
Dodging        | 3 |  3.7
Invocations    | 1 |  1.4
Throwing       | |  1.7

Action                   |  1- 3 |  4- 6 |  7- 9 || total
-------------------------+-------+-------+-------++-------
Melee: Flail             |   100 |   138 |    30 ||   268
       Bite              |    21 |    37 |    94 ||   152
       Morningstar       |       |       |   252 ||   252
  Use: Scroll            |       |     7 |     3 ||    10
       Potion            |       |       |     3 ||     3
 Stab: Distracted        |     1 |       |       ||     1
       Invisible         |       |       |     3 ||     3
  Eat: Chunk             |     1 |     6 |     7 ||    14
Armor: Leather armour    |    37 |       |       ||    37
       Chain mail        |     3 |   104 |   217 ||   324
Dodge: Dodged            |    60 |    86 |   168 ||   314
Block: Buckler           |       |       |    27 ||    27
